2289 views
Uploaded 2021-07-31 02:06:07
Game version 1.32.10
14:35 long 1on1 ladder game on (2)NorthernIsles
Saved by aom
2289 views
Uploaded 2021-07-31 02:06:07
Game version 1.32.10
14:35 long 1on1 ladder game on (2)NorthernIsles

63 units @ 6.7k
/ 0.5k
15 buildings @ 2.5k
/ 1k


| Dust of Appearance | 2 | 150 |
| total: | 2 | 150g |
| Wisp | 28 | 1680 | / | 0 |
| Archer | 28 | 3640 | / | 280 |
| Glaive Thrower | 1 | 210 | / | 65 |
| Huntress | 6 | 1170 | / | 120 |
| total: | 63 | 6700g | / | 465w |
| Ancient Protector | 5 | 675 | / | 400 |
| Altar of Elders | 1 | 180 | / | 50 |
| Moon Well | 4 | 720 | / | 160 |
| Ancient of War | 2 | 300 | / | 120 |
| Ancient of Wonders | 1 | 90 | / | 30 |
| Hunter's Hall | 1 | 210 | / | 100 |
| Tree of Life | 1 | 340 | / | 185 |
| Tree of Ages | 1 | 320 | / | 180 |
| Tree of Eternity | 1 | 330 | / | 200 |
| total: | 15 | 2515g | / | 1045w |
| 0:02 | Altar of Elders |
| 0:03 | Wisp |
| 0:07 | Wisp |
| 0:19 | Moon Well |
| 0:22 | Wisp |
| 0:23 | Wisp |
| 0:33 | Wisp |
| 0:49 | Wisp |
| 1:00 | Ancient of War |
| 1:19 | Wisp |
| 1:30 | Moon Well |
| 1:32 | Wisp |
| 1:42 | Wisp |
| 1:57 | Ancient of War |
| 2:01 | Archer |
| 2:01 | Archer |
| 2:01 | Archer |
| 2:07 | Ancient of Wonders |
| 2:08 | Wisp |
| 2:18 | Archer |
| 2:18 | Archer |
| 2:18 | Archer |
| 2:27 | Entangling Roots |
| 2:33 | Wisp |
| 2:37 | Archer |
| 2:37 | Archer |
| 2:38 | Archer |
| 3:09 | Archer |
| 3:10 | Archer |
| 3:33 | Hunter's Hall |
| 3:42 | Moon Well |
| 3:55 | Archer |
| 3:55 | Archer |
| 3:55 | Archer |
| 4:37 | Archer |
| 4:38 | Archer |
| 4:42 | Wisp |
| 4:44 | Wisp |
| 4:44 | Wisp |
| 4:45 | Wisp |
| 5:14 | Tree of Life |
| 5:28 | Ancient Protector |
| 5:30 | Thorns Aura |
| 5:33 | Archer |
| 6:00 | Ancient Protector |
| 6:03 | Entangling Roots |
| 6:04 | Archer |
| 6:06 | Archer |
| 6:06 | Archer |
| 6:20 | Wisp |
| 6:20 | Wisp |
| 7:04 | Dust of Appearance |
| 7:04 | Dust of Appearance |
| 7:18 | Tree of Ages |
| 7:19 | Archer |
| 7:29 | Moon Well |
| 7:57 | Strength of the Moon |
| 7:58 | Moon Armor |
| 8:03 | Archer |
| 8:12 | Wisp |
| 8:12 | Wisp |
| 8:13 | Wisp |
| 8:13 | Wisp |
| 8:13 | Wisp |
| 8:40 | Archer |
| 8:41 | Archer |
| 9:06 | Ancient Protector |
| 9:09 | Ancient Protector |
| 9:46 | Glaive Thrower |
| 9:47 | Nature's Blessing |
| 9:59 | Ancient Protector |
| 10:07 | Wisp |
| 10:08 | Wisp |
| 10:08 | Wisp |
| 10:08 | Wisp |
| 10:45 | Thorns Aura |
| 11:05 | Huntress |
| 11:06 | Huntress |
| 11:30 | Wisp |
| 11:30 | Wisp |
| 11:41 | Moon Glaive |
| 12:09 | Huntress |
| 12:10 | Huntress |
| 12:17 | Improved Strength of the Moon |
| 12:19 | Tree of Eternity |
| 12:55 | Mana Burn |
| 13:10 | Huntress |
| 13:17 | Archer |
| 13:18 | Archer |
| 13:18 | Improved Bows |
| 13:23 | Advanced Strength of the Moon |
| 14:27 | Entangling Roots |
| 14:28 | Evasion |
| 14:31 | Huntress |
| 14:31 | Archer |
| 14:33 | Archer |
| Right click | 642 |
| Select | 317 |
| Misc. action | 103 |
| Select group | 93 |
| Build/train/purchase | 91 |
| Assign group | 62 |
| Use ability | 42 |
| Chat | 22 |
| Esc | 8 |
23 units @ 2.8k
/ 0.2k
10 buildings @ 1.6k
/ 0.5k


| Rod of Necromancy | 3 | 450 |
| Potion of Healing | 2 | 300 |
| total: | 5 | 750g |
| Acolyte | 10 | 750 | / | 0 |
| Ghoul | 8 | 960 | / | 0 |
| Crypt Fiend | 3 | 645 | / | 120 |
| Obsidian Statue | 1 | 200 | / | 35 |
| Abomination | 1 | 240 | / | 70 |
| total: | 23 | 2795g | / | 225w |
| Nerubian Tower | 1 | 100 | / | 20 |
| Altar of Darkness | 1 | 180 | / | 50 |
| Ziggurat | 5 | 750 | / | 250 |
| Crypt | 1 | 200 | / | 50 |
| Tomb of Relics | 1 | 130 | / | 30 |
| Graveyard | 1 | 215 | / | 0 |
| Slaughterhouse | 1 | 140 | / | 135 |
| Halls of the Dead | 1 | 320 | / | 210 |
| Black Citadel | 2 | 650 | / | 460 |
| total: | 10 | 1615g | / | 515w |
| 0:03 | Acolyte |
| 0:04 | Altar of Darkness |
| 0:06 | Ziggurat |
| 0:09 | Acolyte |
| 0:36 | Crypt |
| 0:51 | Tomb of Relics |
| 1:37 | Ghoul |
| 1:37 | Ghoul |
| 1:37 | Ghoul |
| 1:37 | Ghoul |
| 2:02 | Rod of Necromancy |
| 2:04 | Death Coil |
| 2:22 | Graveyard |
| 2:41 | Halls of the Dead |
| 2:44 | Nerubian Tower |
| 3:09 | Cannibalize |
| 3:10 | Ghoul |
| 3:29 | Ziggurat |
| 3:51 | Unholy Armor |
| 4:38 | Unholy Aura |
| 4:42 | Unholy Strength |
| 4:45 | Crypt Fiend |
| 5:30 | Slaughterhouse |
| 6:12 | Black Citadel |
| 7:09 | Rod of Necromancy |
| 7:12 | Frost Nova |
| 7:12 | Crypt Fiend |
| 8:20 | Ziggurat |
| 8:21 | Ziggurat |
| 8:40 | Potion of Healing |
| 8:41 | Rod of Necromancy |
| 8:59 | Ziggurat |
| 9:02 | Obsidian Statue |
| 9:09 | Acolyte |
| 9:09 | Acolyte |
| 9:10 | Acolyte |
| 10:23 | Death Coil |
| 10:32 | Potion of Healing |
| 10:45 | Dark Ritual |
| 10:58 | Acolyte |
| 11:32 | Acolyte |
| 11:33 | Acolyte |
| 11:33 | Acolyte |
| 11:33 | Acolyte |
| 11:48 | Disease Cloud |
| 11:58 | Ghoul Frenzy |
| 12:00 | Ghoul |
| 12:17 | Crypt Fiend |
| 13:16 | Abomination |
| 13:19 | Ghoul |
| 13:19 | Ghoul |
| 14:01 | Frost Nova |
| Select group | 603 |
| Right click | 552 |
| Select | 347 |
| Misc. action | 91 |
| Build/train/purchase | 68 |
| Use ability | 37 |
| Assign group | 36 |
| Chat | 27 |
| Remove unit | 3 |
| Item give/drop | 2 |
โ